 Dungeon Crawl Stone Soup version 0.31-a0-210-gccc998df9b (webtiles) character file.

Game seed: 13418297509507682962

3358 CornPuffBuddha the Grappler (level 9, -15/85 HPs)
             Began as a Troll Gladiator on June 29, 2023.
             Demolished by a hornet (17 damage)
             ... while paralysed by a hornet
             ... on level 7 of the Dungeon.
             The game lasted 00:12:03 (4853 turns).

CornPuffBuddha the Grappler (Troll Gladiator)       Turns: 4853, Time: 00:12:03

Health: -15/85     AC:  4    Str: 28    XL:     9   Next: 73%
Magic:  0/8        EV:  1    Int:  4    God:
Gold:   327        SH:  0    Dex: 11    Spells: 8/8 levels left

rFire   . .          .
                       - Unarmed
rCold   . . .        (no shield)
rNeg    . . .        a - +0 robe
rPois   .            b - +0 hat
rElec   .            F - scarf {harm}
rCorr   .            (gloves unavailable)
SInv    .            (boots unavailable)
Will    .....        H - amulet of guardian spirit
Stlth   +            (no ring)
HPRegen 1.14/turn    (no ring)
MPRegen 0.11/turn

%: harm (+30% outgoing, +20% incoming), guardian spirit
@: paralysed, mighty, lethally poisoned (-15 -> -16)
A: large, unfitting armour, claws 3, regeneration 1, shaggy fur 1, tough skin 1
a: no special abilities


You were on level 7 of the Dungeon.
You visited 1 branch of the dungeon, and saw 7 of its levels.

You collected 327 gold pieces.

Inventory:

Missiles
 c - 4 throwing nets
 d - a large rock (quivered)
 f - 6 atropa-tipped darts
 I - 3 poisoned darts
Armour
 a - a +0 robe (worn)
 b - a +0 hat (worn)
 s - a +2 helmet
 F - a scarf of harm (worn)
Jewellery
 i - a ring of ice
 u - a ring of wizardry
 H - an amulet of guardian spirit (around neck)
Wands
 G - a wand of paralysis (15)
Scrolls
 h - a scroll of silence {unknown}
 j - 4 scrolls of immolation
 k - 2 scrolls of amnesia {unknown}
 m - 2 scrolls of noise
 p - 2 scrolls of poison
 q - a scroll of teleportation
 t - a scroll of torment {unknown}
 x - 3 scrolls of blinking
 y - a scroll of enchant weapon {unknown}
 A - 3 scrolls of fog
 D - a scroll of enchant armour {unknown}
 E - a scroll of fear {unknown}
Potions
 e - 2 potions of brilliance
 g - 2 potions of heal wounds
 n - 2 potions of ambrosia
 o - a potion of degeneration {unknown}
 r - a potion of haste
 v - 2 potions of curing {unknown}
 w - a potion of lignification {unknown}
 z - 2 potions of magic {unknown}
 C - a potion of invisibility {unknown}


   Skills:
 + Level 4.7 Fighting
 - Level 1.7 Throwing
 - Level 2.4 Dodging
 + Level 13.0 Unarmed Combat


You had 8 spell levels left.
You didn't know any spells.
Your spell library contained the following spells:

 Spells                   Type           Power      Damage    Failure   Level
 Freeze                   Ice            0%         1d3       50%         1
 Kiss of Death            Conj/Necr      0%         2d5       50%         1
 Lesser Beckoning         Tloc           0%         N/A       65%         2
 Confusing Touch          Hex            0%         N/A       86%         3
 Frozen Ramparts          Ice            0%         1d1       86%         3
 Gell's Gravitas          Tloc           0%         N/A       86%         3
 Hailstorm                Conj/Ice       0%         3d3       86%         3
 Teleport Other           Tloc           0%         N/A       86%         3
 Dispel Undead            Necr           0%         3d6       99%         4
 Summon Forest            Summ/Tloc      0%         N/A       100%        5
 Summon Mana Viper        Hex/Summ       0%         N/A       100%        5
 Summon Cactus Giant      Summ           0%         N/A       100%        6


Dungeon Overview and Level Annotations

Branches:
Dungeon (7/15)
 Temple: D:4-7

Altars:
Gozag
Makhleb
Qazlal
Yredelemnul
Zin


Innate Abilities, Weirdness & Mutations

You are too large for most types of armour.
You have claws for hands.
Your natural rate of healing is unusually fast.
You are covered in fur. (AC +1)
You have tough skin. (AC +1)


Message History

You barely miss the gnoll bouda.
The gnoll bouda drinks a potion.
The gnoll bouda seems to grow stronger.
You closely miss the gnoll bouda.
The gnoll bouda hits you with a +0 mace!
* * * LOW HITPOINT WARNING * * *
A sky beast appears from thin air!
Reactivating autopickup.
You feel much better.
The gnoll bouda hits you with a +0 mace!
* * * LOW HITPOINT WARNING * * *
You feel very mighty all of a sudden. The gnoll bouda closely misses you.
You mangle the gnoll bouda!!
You kill the gnoll bouda!
Your Unarmed Combat skill increases to level 13!
You scratch the sky beast. Your claw misses the sky beast.
The sky beast is almost dead.
You eviscerate the sky beast!!!
You kill the sky beast!
The orc warrior hits you from afar with a +0 trident!
* * * LOW HITPOINT WARNING * * *
The orc warrior barely misses you.
You claw the hornet!
The hornet is heavily wounded.
The hornet closely misses you.
The orc warrior hits you from afar with a +0 trident!
* * * LOW HITPOINT WARNING * * *
The hornet stings you.
* * * LOW HITPOINT WARNING * * *
You suddenly lose the ability to move!
The hornet stings you.
* * * LOW HITPOINT WARNING * * *
You are poisoned.
You feel yourself slow down.
The orc warrior hits you but does no damage.
You feel yourself speed up.
* * * LOW HITPOINT WARNING * * *
You feel very sick. The hornet stings you!
You die... ..####. ..... ...o #go

#)# #. ######.#
#.#########o.Yos.#
#..§§≈≈≈.y#.o...#
#.≈.....≈@#.....##.#
#.§.≈≈≈.≈.#))..o.h.#
#.≈§...≈≈.#....$##...
#.≈≈._.≈≈.#.....# #.#
#.≈§...≈≈.#.....# .
#.§.≈≈≈§§)###.#.#
#.#.≈....)≈§# #.#.#
#.#..§≈≈§§.)###.#..
#..#########.# .# ##


You could see a hornet and an orc warrior.

Vanquished Creatures
  A hornet (D:7)
  Grinder (D:6)
  2 shadows
  Sigmund (D:3)
  A vampire mosquito (D:7)
  A steam dragon (D:7)
  A water moccasin (D:7)
  An orc warrior (D:7)
  3 sky beasts (D:7)
  An ogre (D:3)
  3 centaurs
  A phantom (D:5)
  A necrophage (D:4)
  3 scorpions
  6 wights
  A howler monkey (D:7)
  A human zombie (D:4)
  2 gnoll boudas
  An orc priest (D:7)
  4 hounds
  2 jellies
  2 sleepcaps
  Natasha (twice) (D:2)
  2 iguanas
  3 hound zombies (D:4)
  A mummy (D:4)
  A howler monkey zombie (D:4)
  Robin (D:3)
  11 gnolls
  7 adders
  2 adder zombies (D:4)
  2 dart slugs
  13 orcs
  4 bats
  5 endoplasms
  6 giant cockroaches
  13 goblins
  4 hobgoblins
  2 jackals (D:2)
  6 quokkas
  5 ball pythons
  3 frilled lizards
  6 kobolds
  A quokka zombie (D:4)
  2 rats
142 creatures vanquished.

Vanquished Creatures (others)
  A quokka (D:4)
1 creature vanquished.

Grand Total: 143 creatures vanquished

Notes
Turn   | Place    | Note
-------+----------+-------------------------------------------
     0 | D:1      | CornPuffBuddha the Troll Gladiator began the quest for the
                  | Orb.
     0 | D:1      | Reached XP level 1. HP: 19/19 MP: 0/0
   158 | D:1      | Reached XP level 2. HP: 24/27 MP: 1/1
   288 | D:1      | Reached skill level 4 in Unarmed Combat
   529 | D:1      | Found a faded altar of an unknown god.
   750 | D:2      | Reached XP level 3. HP: 30/33 MP: 2/2
   754 | D:2      | Found a glowing silver altar of Zin.
   799 | D:2      | Noticed a scorpion
   806 | D:2      | Killed a scorpion
   807 | D:2      | Reached skill level 5 in Unarmed Combat
   807 | D:2      | Reached XP level 4. HP: 34/41 MP: 3/3
   872 | D:2      | Reached XP level 5. HP: 48/48 MP: 4/4
   889 | D:2      | Noticed Natasha
   894 | D:2      | Killed Natasha
   895 | D:2      | Reached skill level 6 in Unarmed Combat
  1131 | D:2      | Noticed Natasha
  1141 | D:2      | Killed Natasha
  1375 | D:3      | Noticed Robin
  1391 | D:3      | Killed Robin
  1760 | D:3      | Noticed an ogre
  1761 | D:3      | Noticed Sigmund
  1783 | D:3      | Killed an ogre
  1784 | D:3      | Reached skill level 7 in Unarmed Combat
  1784 | D:3      | Reached XP level 6. HP: 30/55 MP: 5/5
  1792 | D:3      | Killed Sigmund
  1854 | D:3      | Found a burning altar of Makhleb.
  2589 | D:4      | Reached skill level 8 in Unarmed Combat
  2599 | D:4      | Reached XP level 7. HP: 62/62 MP: 6/6
  2855 | D:4      | Found a stormy altar of Qazlal.
  2898 | D:4      | Found a basalt altar of Yredelemnul.
  2936 | D:4      | Reached skill level 9 in Unarmed Combat
  3340 | D:5      | Entered Level 5 of the Dungeon
  3421 | D:5      | Reached XP level 8. HP: 59/70 MP: 7/7
  3608 | D:5      | Reached skill level 10 in Unarmed Combat
  3974 | D:6      | Noticed Grinder
  3976 | D:6      | Paralysed by Grinder for 3 turns
  3981 | D:6      | Paralysed by Grinder for 4 turns
  3986 | D:6      | Killed Grinder
  3987 | D:6      | Reached skill level 11 in Unarmed Combat
  4601 | D:7      | Found an opulent altar of Gozag.
  4613 | D:7      | Reached skill level 12 in Unarmed Combat
  4613 | D:7      | Reached XP level 9. HP: 17/79 MP: 1/8
  4847 | D:7      | Reached skill level 13 in Unarmed Combat
  4851 | D:7      | Paralysed by a hornet for 3 turns
  4852 | D:7      | HP: 4/85 [hornet (2)]
  4853 | D:7      | Demolished by a hornet

Illustrated notes

Levels and vault maps discovered:
D:1:      amcnicky_arrival_blooded_trapdoor, layout_rooms,
          shapermc_ecumenical_altar_mp_vishouse, serial_aquarium,
          aquarium_bridge_square [aquarium_subvault_bridge,
          aquarium_subvault_bridge, aquarium_subvault_balcony,
          aquarium_subvault_wall], aquarium_bridge_straight
          [aquarium_subvault_bridge, aquarium_subvault_window,
          aquarium_subvault_bridge, aquarium_subvault_window],
          aquarium_window_1, aquarium_window_fake, aquarium_window_2,
          aquarium_view_2c
D:2:      layout_loops_ring, basic_altar, uniq_natasha
D:3:      layout_basic, lightli_temple_of_fire, minmay_misc_feat_square,
          grunt_decor_clamped, uniq_sigmund, uniq_robin
D:4:      layout_basic, lemuel_mausoleum_altar_yredelemnul, grunt_qazlal_clouds
D:5:      layout_basic
D:6:      layout_basic, uniq_grinder
D:7:      minmay_the_grid_plus [minmay_the_grid_aliased_spiral,
          minmay_the_grid_tiny_cups, minmay_the_grid_square_x,
          minmay_the_grid_minigrid_small_alt, minmay_the_grid_prize_big_room],
          layout_rooms, mainiacjoe_overflow_paths,
          mainiacjoe_overflow_six_doors_small, kennysheep_mini_moat,
          temple_fountains, minmay_alternating_orb

Skill      XL: |  1  2  3  4  5  6  7  8  9 |
---------------+----------------------------+-----
Unarmed Combat | 4 5 7 8 9 12 13 | 13.0
Fighting       | 4 |  4.7
Throwing       | |  1.7
Dodging        | |  2.4

Action                     |  1- 3 |  4- 6 |  7- 9 || total
---------------------------+-------+-------+-------++-------
  Melee: Unarmed           |    80 |   111 |   205 ||   396
         Punch             |     1 |     4 |     6 ||    11
  Throw: Throwing net      |     1 |     2 |       ||     3
         Large rock        |       |       |     1 ||     1
    Use: Scroll            |       |     5 |     5 ||    10
         Potion            |       |     1 |     3 ||     4
   Stab: Sleeping          |       |       |     1 ||     1
 Armour: Robe              |    19 |    34 |    33 ||    86
  Dodge: Dodged            |    46 |    57 |    70 ||   173

Table legend: (Time is in decaauts)
 A = Elapsed time spent in this place.
 B = Non-inter-level travel time spent in this place.
 C = Inter-level travel time spent in this place.
 D = Time resting spent in this place.
 E = Time spent auto-exploring this place.
 F = Levels seen in this place.
 G = Mean time per level.
                   A        B        C        D        E       F      G
               +--------+--------+--------+--------+--------+-----+--------+
         Total |   4796 |   4492 |    304 |    159 |   3393 |   7 |  685.1 |
       Dungeon |   4796 |   4492 |    304 |    159 |   3393 |   7 |  685.1 |
               +--------+--------+--------+--------+--------+-----+--------+

Top non-repeatable levels by time:
     D:3: 1023 daAuts
     D:4: 945 daAuts
     D:2: 705 daAuts
     D:1: 634 daAuts
     D:6: 626 daAuts
     D:5: 571 daAuts
     D:7: 289 daAuts
